 Dungeon Crawl Stone Soup version 0.30-a0-758-gc2c871d025 (webtiles) character file.

Game seed: 10256826023046298191

51 CoinPitGoblin the Gusty (level 3, -1/14 HPs)
             Began as a Felid Air Elementalist on Feb 10, 2023.
             Killed from afar by Sigmund (6 damage)
             ... with a magic dart
             ... on level 2 of the Dungeon.
             The game lasted 00:03:40 (2005 turns).

CoinPitGoblin the Gusty (Felid Air Elementalist)    Turns: 2005, Time: 00:03:41

Health: -1/14      AC:  1    Str:  4    XL:     3   Next: 58%
Magic:  7/7        EV: 17    Int: 18    God:
Gold:   100        SH:  0    Dex: 16    Spells: 3/6 levels left
                                        Lives:  0   Deaths: 0

rFire   . . .      SeeInvis +    (weapon unavailable)
rCold   . . .      Faith    .    (shield unavailable)
rNeg    . . .      Spirit   .    (body armour unavailable)
rPois   .          Reflect  .    (helmet unavailable)
rElec   .          Harm     .    (cloak unavailable)
rCorr   .          Rampage  .    (gloves unavailable)
Will    +....                    (boots unavailable)
Stlth   ++                       (no amulet)
HPRegen 0.22/turn                h - ring of willpower
MPRegen 0.10/turn                (no ring)

@: quick
A: very small, claws 1, fangs 3, see invisible, speed 1, shaggy fur 1, stealthy
paws, no weapons or thrown items, no armour, multi-lived
a: no special abilities


You were on level 2 of the Dungeon.
You visited 1 branch of the dungeon, and saw 2 of its levels.

You collected 100 gold pieces.

Inventory:

Jewellery
 h - a ring of willpower (left paw)
Scrolls
 b - 2 scrolls of noise
 f - a scroll of identify
Potions
 a - a potion of magic
 c - 2 potions of cancellation
 d - a potion of might {unknown}


   Skills:
 + Level 3.1 Dodging
 + Level 3.3 Stealth
 + Level 2.4 Spellcasting
 - Level 0.8 Conjurations
 + Level 3.5 Air Magic


You had 3 spell levels left.
You knew the following spells:

 Your Spells              Type           Power      Damage    Failure   Level
a - Static Discharge      Conj/Air       20%        2-3/arc   11%         2
q - Shock                 Conj/Air       40%        1d5       7%          1

Your spell library contained the following spells:

 Spells                   Type           Power      Damage    Failure   Level
 Swiftness                Air            14%        N/A       12%         3
 Airstrike                Air            7%         2d(1-17)  38%         4


Dungeon Overview and Level Annotations

Branches:
Dungeon (2/15)

Altars:

Shops:
D:2 *

Annotations:
D:2 Sigmund


Innate Abilities, Weirdness & Mutations

You have sharp claws.
You have razor-sharp teeth.
You have supernaturally acute eyesight. (SInv)
You cover ground quickly. (Speed+)
You are covered in fur. (AC +1)
Your paws help you pounce on unaware monsters.
You are incapable of wielding weapons or throwing items.
You cannot wear armour.
You gain extra lives every three experience levels.


Message History

You scratch the worm.
You kill the worm!
Found a stone staircase leading down.
There is a stone staircase leading down here.
A rat comes into view.
A rat is nearby!
A rat is nearby!
The zap hits the rat.
You kill the rat!
You can't see any susceptible monsters within range! (Use Z to cast anyway.)
You can't see any susceptible monsters within range! (Use Z to cast anyway.)
You see here a rat corpse.
A rat comes into view.
A rat is nearby!
A rat is nearby!
The zap hits the rat.
You kill the rat!
You can't see any susceptible monsters within range! (Use Z to cast anyway.)
You can't see any susceptible monsters within range! (Use Z to cast anyway.)
A rat comes into view.
A rat is nearby!
A rat is nearby!
The zap hits the rat.
You kill the rat!
You can't see any susceptible monsters within range! (Use Z to cast anyway.)
You can't see any susceptible monsters within range! (Use Z to cast anyway.) Sigmund the Dreaded comes into view.
He is wielding a +5 scythe of freezing.
Sigmund is nearby!
Sigmund is nearby!
You aren't carrying any items that you can evoke.
As you read the scroll labelled FUPHIL GYG ESEYH, it crumbles to dust.
It is a scroll of amnesia.
Really abort (and waste the scroll)?
Okay, then.
Sigmund hits you from afar with a +5 scythe of freezing!
Ouch! That really hurt!
Sigmund freezes you.
Sigmund points at you and mumbles some strange words.
The magic dart hits you.
You die...

*,***********,#.# #.#
*,* ###****,#.# #.#
*,* #..,,,,,..# #.#
#,* #.#****,### #.#
#.##**#.# *,* ##.#
*,...*#.# *,* #..#
#### #.##@##.#####.#
#.## ...#
#...........†.# #.#
##.# ***#.....@.#****
#.#
##.###*#....#####.#
#.# ......,...,,*
#.###########.#
.....,,.,,,,*
#...†.........#
>#.#*****#+#*
#.############# )..#
##∩######....# .###
####.....<##.#
.########...########.#
.........†.#########.#


You could see Sigmund.

Vanquished Creatures
  An adder (D:2)
  A worm (D:2)
  4 ball pythons
  4 endoplasms
  A giant cockroach (D:1)
  7 goblins (D:2)
  2 hobgoblins
  5 kobolds
  A quokka (D:1)
  2 bats (D:1)
  A frilled lizard (D:2)
  8 rats
37 creatures vanquished.

Notes
Turn   | Place    | Note
-------+----------+-------------------------------------------
     0 | D:1      | CoinPitGoblin the Felid Air Elementalist began the quest
                  | for the Orb.
     0 | D:1      | Reached XP level 1. HP: 7/7 MP: 4/4
   437 | D:1      | Found a faded altar of an unknown god.
   537 | D:1      | Reached XP level 2. HP: 11/11 MP: 4/6
   720 | D:1      | Learned a level 2 spell: Static Discharge
  1080 | D:2      | Found Dilaeng's Assorted Antiques.
  1664 | D:2      | Reached XP level 3. HP: 14/14 MP: 2/7
  2002 | D:2      | Noticed Sigmund
  2005 | D:2      | Killed from afar by Sigmund

Illustrated notes

Levels and vault maps discovered:
D:1:      spicycebolla_arrival_clurvy, layout_loops_ring,
          hellmonk_ecumenical_altar_leap_of_faith
D:2:      layout_loops_ring, serial_shops, nicolae_shop_window_shopping,
          hex_tiny, minmay_goblin_outpost, uniq_sigmund

Skill      XL: |  1  2 |
---------------+-------+-----
Air Magic      | 3 |  3.5
Dodging        | 3 |  3.1
Stealth        | 3 |  3.3
Spellcasting   | |  2.4
Conjurations   | |  0.8

Action                     || total
---------------------------++-------
  Melee: Unarmed           ||    21
         Bite              ||     3
   Cast: Shock             ||    82
    Use: Scroll            ||     7
  Dodge: Dodged            ||    17

Table legend: (Time is in decaauts)
 A = Elapsed time spent in this place.
 B = Non-inter-level travel time spent in this place.
 C = Inter-level travel time spent in this place.
 D = Time resting spent in this place.
 E = Time spent auto-exploring this place.
 F = Levels seen in this place.
 G = Mean time per level.
                   A        B        C        D        E       F      G
               +--------+--------+--------+--------+--------+-----+--------+
         Total |   1780 |   1712 |     68 |     33 |   1385 |   2 |  890.0 |
       Dungeon |   1780 |   1712 |     68 |     33 |   1385 |   2 |  890.0 |
               +--------+--------+--------+--------+--------+-----+--------+

Top non-repeatable levels by time:
     D:1: 1030 daAuts
     D:2: 750 daAuts
